 Dungeon Crawl Stone Soup version 0.26-a0-50-gc4d14cd842 (webtiles) character file.

Game seed: 15333865578839830128

1084 Lanoc the Cudgeler (level 8, -1/76 HPs)
             Began as a Gargoyle Berserker on June 4, 2020.
             Was a Believer of Trog.
             Slain by an unseen horror (3 damage)
             ... on level 8 of the Dungeon.
             The game lasted 00:05:53 (643 turns).

Lanoc the Cudgeler (Gargoyle Berserker)              Turns: 643, Time: 00:05:54

Health: -1/76      AC:  8    Str: 20    XL:     8   Next: 30%
Magic:  8/8        EV: 13    Int:  9    God:    Trog [**....]
Gold:   160        SH:  0    Dex: 11    Spells: 7/7 levels left

rFire    . . .     SeeInvis .   a - +3 mace (venom)
rCold    . . .     Gourm    .   (no shield)
rNeg     + . .     Faith    .   b - +0 animal skin
rPois    ∞         Spirit   .   (no helmet)
rElec    +         Reflect  .   (no cloak)
rCorr    .         Harm     .   (no gloves)
MR       .....                  (no boots)
Stlth    ..........             k - amulet of regeneration
HPRegen  0.62/turn              (no ring)
MPRegen  0.11/turn              (no ring)

@: berserking, very quick
A: negative energy resistance 1, electricity resistance, unbreathing,
petrification resistance, rot immunity, AC +5
a: Berserk, Trog's Hand, Renounce Religion


You were on level 8 of the Dungeon.
You worshipped Trog.
Trog was pleased with you.
You were hungry.

You visited 1 branch of the dungeon, and saw 8 of its levels.

You collected 160 gold pieces.

Inventory:

Hand Weapons
 a - a +3 mace of venom (weapon)
Armour
 b - a +0 animal skin (worn)
 e - a +0 scale mail
 m - a +0 plate armour
Jewellery
 k - an amulet of regeneration (around neck)
Wands
 j - a wand of iceblast (8)
Scrolls
 i - 2 scrolls of fog
Comestibles
 c - 5 rations
 d - 10 chunks of flesh


   Skills:
 + Level 5.6 Fighting
 * Level 6.7 Maces & Flails
 + Level 5.0 Armour
 + Level 3.7 Dodging


You had 7 spell levels left.
You didn't know any spells.
Your spell library was empty.

Dungeon Overview and Level Annotations

Branches:
Dungeon (8/15)
 Temple: D:4-7         Lair: D:8-11

Altars:
Nemelex Xobeh


Innate Abilities, Weirdness & Mutations

You are resistant to torment.
Your stone body is resilient. (AC +5)
You are immune to poison.
You resist negative energy. (rN+)
You are resistant to electric shocks. (rElec)
You can survive without breathing.
You are immune to petrification.
You are immune to rotting.


Message History

Something hits you.
* * * LOW HITPOINT WARNING * * *
Something hits you.
* * * LOW HITPOINT WARNING * * *
Something hits you but does no damage. Something hits you.
* * * LOW HITPOINT WARNING * * *
Something hits you!
* * * LOW HITPOINT WARNING * * *
A red film seems to cover your vision as you go berserk!
You feel yourself moving faster!
You feel mighty!
You are feeling hungry.
Something hits you!
* * * LOW HITPOINT WARNING * * *
You barely miss something. Something hits you.
* * * LOW HITPOINT WARNING * * *
Something hits you but does no damage.
You closely miss something. Something hits you but does no damage.
You miss something. Something hits you.
You die...

... ... #### ....
#.. .....
#.####....
###.##......
..÷....# #### ###
#### .####..#
#..###.####..(. .#
#..###.#.#)#@#.#..#
.#
#..........#{#{.h
<# #..#.#.###[#h#.#
## ##.##..# ####)#
#.##### ### #.# #.#
#.# #.


You could see a hound.

Vanquished Creatures
  Eustachio (D:5)
  3 orc warriors
  An ice beast (D:8)
  A black bear (D:7)
  A centaur (D:6)
  A scorpion (D:6)
  A howler monkey (D:4)
  2 orc priests (D:4)
  A centaur skeleton (D:6)
  A hound (D:8)
  An iguana (D:6)
  2 worker ants
  3 orc wizards
  2 adders
  A worm (D:3)
  3 leopard geckos
  9 orcs
  A giant cockroach (D:4)
  2 hobgoblins (D:3)
  A quokka (D:6)
  A bat (D:2)
  2 frilled lizards
  3 rats
44 creatures vanquished.

Notes
Turn   | Place    | Note
-------+----------+-------------------------------------------
     0 | D:1      | Lanoc the Gargoyle Berserker began the quest for the Orb.
     0 | D:1      | Reached XP level 1. HP: 14/14 MP: 1/1
    55 | D:3      | Reached XP level 2. HP: 12/19 MP: 2/2
   171 | D:4      | Reached XP level 3. HP: 17/23 MP: 3/3
   194 | D:4      | Reached XP level 4. HP: 29/29 MP: 4/4
   198 | D:4      | Reached skill level 4 in Maces & Flails
   219 | D:4      | Reached XP level 5. HP: 27/33 MP: 5/5
   243 | D:5      | Entered Level 5 of the Dungeon
   269 | D:5      | Noticed Eustachio
   282 | D:5      | Killed Eustachio
   282 | D:5      | Reached skill level 5 in Maces & Flails
   282 | D:5      | Reached XP level 6. HP: 39/39 MP: 6/6
   318 | D:6      | Reached ** piety under Trog
   367 | D:6      | Reached XP level 7. HP: 37/44 MP: 7/7
   383 | D:6      | Found a sparkling altar of Nemelex Xobeh.
   443 | D:6      | Reached skill level 5 in Fighting
   507 | D:7      | Reached skill level 6 in Maces & Flails
   521 | D:7      | Reached XP level 8. HP: 22/49 MP: 8/8
   623 | D:8      | Reached skill level 5 in Armour
   641 | D:8      | HP: 1/76 [something (3)]
   643 | D:8      | Slain by an unseen horror

Illustrated notes

Levels and vault maps discovered:
D:1:      dpeg_arrival_long_road, layout_loops_ring
D:2:      layout_loops_cross, kennysheep_decorative_pillar, uniq_sigmund,
          uniq_robin, uniq_jessica
D:3:      layout_rooms, chequers_temple_overflow_statue_of_worship, first_ration
D:4:      layout_basic, minmay_temple_entry_waves, tgw_sif
D:5:      layout_cave_pools, nicolae_overflow_hidden_temple, uniq_eustachio
D:6:      layout_basic, nemelex_altar_shiori, basic_altar, minmay_shop_damaged,
          trog_eyes_of_draining
D:7:      layout_gridville
D:8:      minmay_the_grid_square_5x5_3x3 [minmay_the_grid_square_5x5_hourglass,
          minmay_the_grid_square_5x5_two_small,
          minmay_the_grid_square_5x5_minivault,
          minmay_the_grid_square_5x5_sharp_hourglass,
          minmay_the_grid_square_5x5_megaprize_diamond,
          minmay_the_grid_square_5x5_inner_v, minmay_the_grid_square_5x5_bite,
          minmay_the_grid_square_5x5_checkered_statues,
          minmay_the_grid_square_5x5_v], layout_basic, enter_bailey_2,
          serial_undead, serial_undead_d, serial_undead_b, serial_undead_b,
          serial_undead_a, serial_shops, shop

Skill      XL: |  1  2  3  4  5  6  7  8 |
---------------+-------------------------+-----
Dodging        | 2 3 |  3.7
Maces & Flails | 4 5 6 |  6.7
Armour         | 3 4 5 |  5.0
Fighting       | 4 5 |  5.6

Action                   |  1- 3 |  4- 6 |  7- 9 || total
-------------------------+-------+-------+-------++-------
Melee: Mace              |    37 |    41 |    69 ||   147
Invok: Berserk           |     3 |     2 |     3 ||     8
  Use: Scroll            |       |     1 |     3 ||     4
  Eat: Chunk             |       |     3 |     3 ||     6
Armor: Animal skin       |    11 |    14 |    25 ||    50
Dodge: Dodged            |    22 |    18 |    56 ||    96

Table legend:
 A = Non-vault XP
 B = Vault XP
 C = Vault XP percentage of total XP
 D = Non-vault monster count
 E = Vault monster count
 F = Vault count percentage of total count
                 A         B        C        D         E       F
            +---------+---------+-------+---------+---------+-------
      Total |    1170 |     379 |  24.5 |      41 |       3 |   6.8
            +---------+---------+-------+---------+---------+-------
        D:2 |       2 |       0 |   0.0 |       2 |       0 |   0.0
        D:3 |      26 |       0 |   0.0 |      10 |       0 |   0.0
        D:4 |     191 |       0 |   0.0 |       7 |       0 |   0.0
        D:5 |      43 |     211 |  83.1 |       4 |       1 |  20.0
        D:6 |     466 |       0 |   0.0 |      10 |       0 |   0.0
        D:7 |     262 |       0 |   0.0 |       5 |       0 |   0.0
        D:8 |     180 |     168 |  48.3 |       3 |       2 |  40.0
            +---------+---------+-------+---------+---------+-------
